 Dungeon Crawl Stone Soup version 0.29-a0-617-g7a6b98fccd (webtiles) character file.

Game seed: 3679002395152566710

16314 slackjack5000 the Protected (level 12, -1/113 HPs)
             Began as a Hill Orc Monk on June 18, 2022.
             Was a High Priest of Beogh.
             Shot with an arrow by Nessos (8 damage)
             ... on level 12 of the Dungeon.
             The game lasted 00:22:31 (18386 turns).

slackjack5000 the Protected (Hill Orc Monk)        Turns: 18386, Time: 00:22:32

Health: -1/113     AC: 18    Str: 19    XL:     12   Next: 36%
Magic:  12/12      EV:  7    Int: 10    God:    Beogh [*****.]
Gold:   879        SH:  0    Dex: 13    Spells: 11/11 levels left

rFire   + . .      SeeInvis .   w - +3 battleaxe (flame)
rCold   + . .      Faith    .   (shield currently unavailable)
rNeg    . . .      Spirit   .   p - +0 plate armour
rPois   .          Reflect  .   x - +1 hat
rElec   .          Harm     .   N - +0 cloak
rCorr   .          Rampage  .   (no gloves)
Will    .....                   l - +2 pair of boots
Stlth   ..........              (no amulet)
HPRegen 0.28/turn               m - ring of protection from fire
MPRegen 0.13/turn               (no ring)

@: lethally poisoned (-1 -> -26), marked, corroded
A: walk on water, hooves 1, cold resistance 1
a: Renounce Religion, Smiting, Recall Orcish Followers, Give Item to Named
Follower


You were on level 12 of the Dungeon.
You worshipped Beogh.
Beogh was extremely pleased with you.
You visited 1 branch of the dungeon, and saw 12 of its levels.
You also visited: Bailey.

You collected 1055 gold pieces.
You spent 176 gold pieces at shops.

Inventory:

Hand Weapons
 g - the +3 arbalest of Ranay {elec, Int+2}
   (You found it on level 6 of the Dungeon)

   Any ammunition fired from it occasionally discharges a powerful burst of
   electricity upon striking a foe.
   Int:       It affects your intelligence (+2).
 h - the +10 morningstar "Caepyeg" {elec, *Rage rElec Int+7}
   (You found it on level 9 of the Dungeon)

   It occasionally discharges a powerful burst of electricity upon striking a
   foe.
   Int:       It affects your intelligence (+7).
   rElec:     It insulates you from electricity.
   *Rage:     It berserks you when you make melee attacks (+20% chance).
 w - a +3 battleaxe of flaming (weapon)
Missiles
 k - 63 poisoned darts
 n - 10 datura-tipped darts (quivered)
 C - 6 curare-tipped darts
Armour
 f - a +0 helmet
 l - a +2 pair of boots (worn)
 p - a +0 plate armour (worn)
 x - a +1 hat (worn)
 B - the +4 ice dragon scales "Noisugud" {rElec rF- rC++}
   (You took it off a kobold in a bailey)

   rF:        It makes you vulnerable to fire.
   rC:        It greatly protects you from cold.
   rElec:     It insulates you from electricity.
 N - a +0 cloak (worn)
Jewellery
 m - a ring of protection from fire (left hand)
 D - a ring of fire
 J - a ring of ice
 L - an amulet of the acrobat
Wands
 s - a wand of iceblast (11)
 E - a wand of mindburst (11)
 F - a wand of charming (1)
 M - a wand of light (2)
Scrolls
 b - 3 scrolls of fog
 i - 3 scrolls of blinking
 o - a scroll of fear
 v - a scroll of poison
 y - a scroll of brand weapon
 A - 4 scrolls of enchant armour
 G - 3 scrolls of identify
 H - a scroll of amnesia {unknown}
Potions
 a - a potion of berserk rage {unknown}
 c - 2 potions of ambrosia
 d - a potion of magic {unknown}
 e - 3 potions of lignification
 j - 5 potions of haste
 q - 6 potions of curing
 r - 4 potions of heal wounds
 t - 2 potions of brilliance {unknown}
 u - 2 potions of invisibility
 z - a potion of might {unknown}
 I - a potion of cancellation {unknown}
 K - a potion of flight {unknown}


   Skills:
 * Level 12.8 Fighting
 + Level 14.1 Axes
 * Level 14.1 Armour
 - Level 2.4 Dodging
 + Level 2.7 Stealth
 + Level 0.8 Evocations


You had 11 spell levels left.
You didn't know any spells.
Your spell library contained the following spells:

 Spells                   Type           Power      Damage    Failure   Level
 Sting                    Tmut/Pois      0%         1d3       99%         1
 Poisonous Vapours        Pois/Air       0%         N/A       100%        2
 Static Discharge         Conj/Air       0%         N/A       100%        2
 Frozen Ramparts          Ice            0%         1d2       100%        3
 Ignite Poison            Fire/Tmut/Pois 0%         N/A       100%        3
 Mephitic Cloud           Conj/Pois/Air  0%         N/A       100%        3
 Corpse Rot               Necr/Pois/Air  0%         N/A       100%        4
 Dispel Undead            Necr           0%         3d6       100%        4
 Fulminant Prism          Conj/Hex       0%         3d6       100%        4
 Ice Form                 Ice/Tmut       0%         N/A       100%        4
 Iskenderun's Mystic Bla  Conj/Tloc      0%         2d3       100%        4
 Olgreb's Toxic Radiance  Pois           0%         N/A       100%        4
 Sticky Flame             Conj/Fire      0%         2d3       100%        4
 Summon Ice Beast         Ice/Summ       0%         N/A       100%        4
 Freezing Cloud           Conj/Ice/Air   0%         6-21      100%        5
 Lee's Rapid Deconstruct  Erth           0%         3d5*      100%        5


Dungeon Overview and Level Annotations

Branches:
Dungeon (12/15)            Temple (0/1) D:7            Lair (0/6) D:11
    Orc (0/2) D:10         Bailey (visited)

Altars:
Qazlal

Shops:
D:4 !

Annotations:
D:7 2 transporters, pigah's ghost, novice OpAE
D:12 Nessos


Innate Abilities, Weirdness & Mutations

You can walk on water.
You have large cloven feet.
Your flesh is cold resistant. (rC+)


Message History

The troll claws Boruk!
The acid dragon spits acid at you. The splash of acid hits you!
* * * LOW HITPOINT WARNING * * *
The acid corrodes you!
Unknown command.
You feel better.
The troll dies!
The troll leather armour is intact enough to wear.
Nessos shoots an arrow.
The arrow hits you!
* * * LOW HITPOINT WARNING * * *
The arrow burns you.
You are poisoned.
* * * LOW HITPOINT WARNING * * *
Nessos gestures wildly while chanting.
Nessos blinks!
Unknown command.
Blink to where?
Press: ? - help, Q - select action, (/) - cycle Dir - move target
As you read the scroll of blinking, it crumbles to dust.
You feel very sick.
Nessos shoots an arrow.
The arrow barely misses you.
Nessos shoots an arrow.
The arrow hits you!
* * * LOW HITPOINT WARNING * * *
The arrow burns you.
You are more poisoned.
* * * LOW HITPOINT WARNING * * *
Something closely misses Boruk.
Something claws Boruk but does no damage. x2
* * * LOW HITPOINT WARNING * * *
You feel very sick.
Nessos shoots an arrow.
The arrow hits you.
* * * LOW HITPOINT WARNING * * *
The arrow burns you.
You are more poisoned.
* * * LOW HITPOINT WARNING * * *
Nessos shoots an arrow.
The arrow barely misses you.
Boruk hits something with a +4 war axe!
Nessos shoots an arrow.
The arrow hits you!
You die...

#...... #.. .# #...... #..
..# #...... ####..#####..#
##...... ...............
......... ..........c...
.....###. #..........#
####.. #.. #......D...# #..
#.. #...u...@..# #. #..
#..........# #..#♣÷.
#..........# #..≈P..
#..........# #P♣≈≈≈≈≈
###...[......######♣≈≈≈≈≈≈.
..To...............≈≈≈≈≈≈≈.
...................♣≈≈≈≈≈P.
#######).######..##♣♣P≈P≈♣≈
#..# #..##♣≈≈≈≈≈P.


You could see Nessos (fast), a red ugly thing, an acid dragon and the friendly
Boruk the orc knight.

Vanquished Creatures
  A hydra (D:9)
  2 two-headed ogres
  A skeletal warrior (D:11)
  A manticore (D:12)
  A cyclops (D:8)
  3 trolls
  A slime creature (D:11)
  Sigmund (D:3)
  4 wyverns
  10 yaks
  5 steam dragons
  Menkaure (D:7)
  3 acid dragons
  3 water moccasins
  A black bear (D:8)
  3 orc warriors
  9 ogres
  A sky beast (D:8)
  5 ice beasts
  2 phantoms
  A centaur (D:7)
  10 kobold brigands
  3 bullfrogs
  A gnoll sergeant (D:9)
  A necrophage (D:5)
  3 scorpions
  3 wights (D:6)
  A killer bee (D:6)
  2 howler monkeys (D:8)
  2 hounds
  3 gnoll shamans (D:7)
  2 jellies
  3 orc priests
  3 iguanas
  6 orc wizards
  7 gnolls
  2 adders
  2 shadow imps (D:6)
  A white imp (D:4)
  2 ufetubi
  2 worms (D:3)
  6 dart slugs
  15 orcs
  7 bats
  10 endoplasms
  2 giant cockroaches (D:3)
  4 goblins
  5 hobgoblins
  2 jackals (D:2)
  25 kobolds
  7 quokkas
  8 ball pythons
  2 frilled lizards
  7 rats
218 creatures vanquished.

Vanquished Creatures (collateral kills)
  Fannar (D:10)
  A two-headed ogre (D:11)
  3 skeletal warriors (D:11)
  An ugly thing (D:11)
  A manticore (D:11)
  A komodo dragon (D:12)
  2 unseen horrors (D:12)
  A troll (D:11)
  2 slime creatures (D:11)
  A wraith (D:10)
  2 water elementals (D:12)
  4 yaks
  A basilisk (D:11)
  An acid dragon (D:8)
  3 water moccasins
  2 orc warriors
  3 ice beasts (D:7)
  A sky beast (D:7)
  2 centaurs
  2 kobold brigands
  A bullfrog (D:8)
  A wight (D:8)
  2 electric eels (D:12)
  2 howler monkeys (D:8)
  A hound (D:7)
  2 gnoll shamans (D:7)
  A jelly (D:8)
  An orc priest (D:7)
  An orc wizard (D:8)
  3 gnolls (D:7)
  A white imp (D:8)
  3 orcs (D:7)
  4 kobolds
58 creatures vanquished.

Vanquished Creatures (others)
  An orc knight (D:11)
  A troll (D:12)
  5 orc warriors
  An orc priest (D:10)
  An orc wizard (D:10)
  10 orcs
  10 fungi
  26 plants
55 creatures vanquished.

Grand Total: 331 creatures vanquished

Notes
Turn   | Place    | Note
-------+----------+-------------------------------------------
     0 | D:1      | slackjack5000 the Hill Orc Monk began the quest for the
                  | Orb.
     0 | D:1      | Reached XP level 1. HP: 19/19 MP: 1/1
   196 | D:1      | Reached XP level 2. HP: 27/27 MP: 2/2
   705 | D:1      | Reached skill level 1 in Armour
   726 | D:1      | Reached XP level 3. HP: 34/34 MP: 3/3
  1141 | D:1      | Found a faded altar of an unknown god.
  2280 | D:3      | Reached XP level 4. HP: 10/41 MP: 4/4
  2349 | D:3      | You fall into a shaft and drop 1 floor!
  2629 | D:4      | Found Rylud's Distillery.
  2649 | D:4      | Bought a potion of mutation for 88 gold pieces
  2649 | D:4      | Bought a potion of curing for 33 gold pieces
  2649 | D:4      | Bought a potion of heal wounds for 55 gold pieces
  2675 | D:4      | Gained mutation: You have large cloven feet. [potion of
                  | mutation]
  2675 | D:4      | Gained mutation: Your flesh is cold resistant. (rC+)
                  | [potion of mutation]
  2704 | D:4      | Reached XP level 5. HP: 20/47 MP: 5/5
  3077 | D:4      | Noticed a phantom
  3083 | D:4      | Killed a phantom
  3084 | D:4      | Reached skill level 5 in Fighting
  3084 | D:4      | Reached skill level 5 in Axes
  3324 | D:4      | Reached XP level 6. HP: 51/56 MP: 6/6
  3327 | D:4      | Became a worshipper of Beogh the Brigand
  3327 | D:4      | Reached * piety under Beogh
  3327 | D:4      | Reached ** piety under Beogh
  4056 | D:3      | Noticed Sigmund
  4080 | D:3      | Killed Sigmund
  4359 | D:3      | Reached XP level 7. HP: 57/61 MP: 7/7
  4683 | D:5      | Entered Level 5 of the Dungeon
  4698 | D:5      | Reached skill level 5 in Armour
  5125 | D:5      | Noticed a yak
  5125 | D:5      | Noticed a yak
  5185 | D:4      | Killed a yak
  5186 | D:4      | Reached XP level 8. HP: 13/71 MP: 8/8
  6252 | D:5      | Noticed a yak
  6268 | D:5      | Noticed a yak
  6303 | D:4      | Killed a yak
  6965 | D:5      | Noticed a yak
  7143 | D:4      | Killed a yak
  7276 | D:4      | Killed a yak
  7616 | D:5      | Killed a yak
  7617 | D:5      | Reached XP level 9. HP: 37/80 MP: 9/9
  8592 | D:6      | Reached *** piety under Beogh
  9160 | D:6      | Noticed a manticore
  9412 | D:6      | Identified the +3 arbalest of Ranay {elec, Int+2}
  9667 | D:7      | Noticed pigah's ghost (novice OpAE)
  9673 | D:7      | Found a transporter.
  9680 | D:7      | Found a staircase to the Ecumenical Temple.
  9684 | D:7      | Reached skill level 10 in Armour
  9684 | D:7      | Reached XP level 10. HP: 80/91 MP: 10/10
  9696 | D:7      | Reached skill level 10 in Axes
  9952 | D:7      | Found a transporter.
 10689 | D:7      | Noticed Menkaure
 10694 | D:7      | Killed Menkaure
 11191 | D:7      | Reached skill level 10 in Fighting
 11541 | D:8      | Reached **** piety under Beogh
 11557 | D:8      | Gained Thorok as an ally
 11676 | D:8      | Found a stormy altar of Qazlal.
 12046 | D:8      | Noticed a cyclops
 12064 | D:8      | Killed a cyclops
 12065 | D:8      | Reached XP level 11. HP: 59/102 MP: 11/11
 12485 | D:9      | Identified the +10 morningstar "Caepyeg" {elec, *Rage rElec
                  | Int+7}
 12488 | D:9      | Noticed a two-headed ogre
 12496 | D:9      | Killed a two-headed ogre
 12611 | D:9      | Found a flagged portal.
 12623 | Bailey   | Entered a bailey
 12731 | Bailey   | Identified the +4 ice dragon scales "Noisugud" {rElec rF-
                  | rC++}
 13105 | Bailey   | Noticed an orc knight
 13111 | Bailey   | Found an iron altar of Okawaru.
 13520 | D:9      | Noticed a six-headed hydra
 13526 | D:9      | Killed a three-headed hydra
 13624 | D:9      | Reached ***** piety under Beogh
 14988 | D:10     | Entered Level 10 of the Dungeon
 15635 | D:10     | Noticed Fannar
 15643 | D:10     | Killed Fannar
 16114 | D:10     | Found a staircase to the Orcish Mines.
 16305 | D:11     | Noticed a two-headed ogre
 16306 | D:11     | Found a staircase to the Lair.
 16312 | D:11     | Killed a two-headed ogre
 16313 | D:11     | Gained Boruk as an ally
 16700 | D:11     | Killed a skeletal warrior
 16704 | D:11     | Your ally Thorok died
 16705 | D:11     | Noticed a skeletal warrior
 16706 | D:11     | Noticed a skeletal warrior
 16706 | D:11     | Killed a skeletal warrior
 16707 | D:11     | Noticed a skeletal warrior
 16710 | D:11     | Killed a skeletal warrior
 16726 | D:11     | Killed a skeletal warrior
 16727 | D:11     | Reached XP level 12. HP: 53/113 MP: 12/12
 18369 | D:12     | Noticed a two-headed ogre
 18373 | D:12     | Killed a two-headed ogre
 18379 | D:12     | Noticed Nessos
 18386 | D:12     | Shot with an arrow by Nessos

Illustrated notes

Levels and vault maps discovered:
D:1:      heliophobic_arrival_dark_side_of_the_moon, layout_loops_ring,
          shapermc_ecumenical_altar_petra
D:2:      layout_basic, nrook_campfire, minmay_misc_feat_rugged
D:3:      layout_basic, gup_sewer_entry_bubbles, uniq_sigmund
D:4:      layout_layer_cave, serial_shops, shop_fountains, minivault_1
D:5:      layout_basic
D:6:      minmay_chambers_of_sixes, layout_cave_pools
D:7:      kennysheep_seaside_town, layout_cave_pools, minmay_temple_entry_mist,
          gammafunk_ghost_stat_death, uniq_menkaure
D:8:      layout_basic, mainiacjoe_overflow_cross_hatched, st_stairs_6,
          nzn_random_ring
D:9:      layout_stronghold, enter_bailey_2
D:10:     layout_long_grid, orc_0_dummy, minmay_misc_feat_nine_boxes,
          uniq_fannar
D:11:     layout_roguey, minmay_lair_entry_grove
D:12:     layout_small_grid, serial_shops, kennysheep_mini, serial_bayou,
          serial_bayou_ford_a, serial_bayou_pond_b, serial_bayou_shore_b,
          serial_bayou_pond_d, kiku_gazebo_pond_becter, uniq_nessos

Skill      XL: |  1  2  3  4  5  6  7  8  9 10 11 12 |
---------------+-------------------------------------+-----
Fighting       | 4 5 6 7 9 11 12 | 12.8
Armour         | 1 2 3 4 6 8 10 11 13 14 | 14.1
Axes           | 5 6 7 8 9 11 13 14 | 14.1
Stealth        | 2 |  2.7
Dodging        | |  2.4
Evocations     | |  0.8

Action                   |  1- 3 |  4- 6 |  7- 9 | 10-12 || total
-------------------------+-------+-------+-------+-------++-------
Melee: Hand axe          |   142 |   146 |   455 |   201 ||   944
       Punch             |       |     1 |     7 |     3 ||    11
       Battleaxe         |       |       |       |   144 ||   144
Throw: Throwing net      |       |     1 |       |       ||     1
Invok: Convert to Beogh  |       |     1 |       |       ||     1
Evoke: Wand              |       |     6 |       |       ||     6
  Use: Scroll            |     6 |     1 |     8 |     7 ||    22
       Potion            |       |     1 |       |     2 ||     3
 Stab: Held in net/web   |       |     2 |       |       ||     2
Armor: Ring mail         |    23 |       |       |       ||    23
       Chain mail        |    58 |    93 |   183 |       ||   334
       Plate armour      |       |       |    36 |   221 ||   257
Dodge: Dodged            |    80 |    57 |   126 |   133 ||   396

Table legend: (Time is in decaauts)
 A = Elapsed time spent in this place.
 B = Non-inter-level travel time spent in this place.
 C = Inter-level travel time spent in this place.
 D = Time resting spent in this place.
 E = Time spent auto-exploring this place.
 F = Levels seen in this place.
 G = Mean time per level.
                   A        B        C        D        E       F      G
               +--------+--------+--------+--------+--------+-----+--------+
         Total |  18376 |  17802 |    574 |   4568 |  10105 |  13 | 1413.5 |
       Dungeon |  17499 |  16925 |    574 |   4026 |   9943 |  12 | 1458.2 |
        Bailey |    876 |    876 |      0 |    542 |    161 |   1 |  876.0 |
               +--------+--------+--------+--------+--------+-----+--------+

Top non-repeatable levels by time:
     D:4: 2903 daAuts
     D:5: 2199 daAuts
     D:7: 1852 daAuts
     D:9: 1675 daAuts
    D:11: 1588 daAuts
     D:6: 1429 daAuts
     D:1: 1322 daAuts
    D:10: 1287 daAuts
     D:3: 963 daAuts
     D:8: 900 daAuts
  Bailey: 876 daAuts
     D:2: 848 daAuts
    D:12: 527 daAuts
